 Dungeon Crawl Stone Soup version 0.24-a0-203-gf0bc1e9 (webtiles) character file.

Game seed: 4000431485700429201

2626 Ijustatesigmund the Basher (level 9, -1/100 HPs)
             Began as an Octopode Fighter on Mar 27, 2019.
             Was an Initiate of Cheibriados.
             Slain by a gnoll
             ... wielding a +0 spear
              (2 damage)
             ... on level 6 of the Dungeon.
             The game lasted 00:13:10 (4913 turns).

Ijustatesigmund the Basher (Octopode Fighter)       Turns: 4913, Time: 00:13:11

Health: -1/100     AC: 24    Str: 16 (17) XL:     9   Next: 60%
Magic:  9/9        EV:  2    Int:  7 (9)  God:    Cheibriados [......]
Gold:   338        SH: 10    Dex: 18 (20) Spells: 8/8 levels left

rFire    . . .     SeeInvis .   a - +0 morningstar
rCold    . . .     Gourm    .   b - +0 shield
rNeg     + + +     Faith    .   (helmet currently unavailable)
rPois    +         Spirit   .   (no amulet)
rElec    .         Reflect  .   p - ring "Susi" {rPois Int-2 Dex+5}
rCorr    .         Harm     .   (no ring)
MR       .....     NoTele   +   (no ring)
Stlth    ++........             (no ring)
HPRegen  0.26/turn              (no ring)
MPRegen  0.11/turn              (no ring)
                                (no ring)
                                (no ring)

@: tree-form, very slow
A: almost no armour, stealthy swim, (amphibious), 8 rings, (constrict 8)
a: Bend Time, Renounce Religion


You were on level 6 of the Dungeon.
You worshipped Cheibriados.
Cheibriados was noncommittal.
You were not hungry.
You were a tree.
You visited 2 branches of the dungeon, and saw 7 of its levels.

You collected 339 gold pieces.
You spent 1 gold pieces at shops.

Inventory:

Hand Weapons
 a - a +0 morningstar (weapon)
 i - a +0 flail of holy wrath
 q - a -3 eveningstar
Missiles
 o - 6 javelins of returning (quivered)
Armour
 b - a +0 shield (worn)
 f - a +0 hat (melded)
Magical Staves
 m - an uncursed staff of summoning
Jewellery
 p - the ring "Susi" (left branch) {rPois Int-2 Dex+5}
   (You found it on level 4 of the Dungeon)

   [ring of poison resistance]

   It affects your intelligence (-2).
   It affects your dexterity (+5).
   It protects you from poison.
Wands
 l - a wand of iceblast (11)
 n - a wand of paralysis (1)
Scrolls
 j - 5 scrolls of amnesia
 k - a scroll of identify
Comestibles
 d - 11 rations


   Skills:
 - Level 8.6 Fighting
 - Level 8.9 Maces & Flails
 + Level 4.4 Dodging
 + Level 0.9 Stealth
 + Level 4.4 Shields
 * Level 1.0 Invocations


You had 8 spell levels left.
You didn't know any spells.
Your spell library was empty.

Dungeon Overview and Level Annotations

Branches:
Dungeon (6/15)             Temple (1/1) D:4

Altars:
Cheibriados
Dithmenos
Elyvilon
Fedhas
Gozag
Hepliaklqana
Makhleb
Nemelex Xobeh
Qazlal
Ru
Uskayaw
Wu Jian
Xom

Shops:
D:5 *


Innate Abilities, Weirdness & Mutations

You cannot wear most types of armour.
You are very stealthy in the water. (Stealth+)
((You are amphibious.))
You can wear up to eight rings at the same time.
((You can use your tentacles to constrict eight enemies at once.))
((Your skin changes colour to match your surroundings (Stealth+).))
((Your rubbery body absorbs attacks. (AC +1, EV +1)))


Message History

Really quaff the potion of lignification? [Y]es or [N]o only, please.
Really quaff the potion of lignification? [Y]es or [N]o only, please.
Really quaff the potion of lignification?
You turn into a tree.
Your +0 hat melds into your body.
Your roots penetrate the ground.
You block the gnoll's attack.
The gnoll hits you but does no damage. x2
You sock the gnoll!
You kill the gnoll!
Cheibriados thoroughly appreciates the change of pace.
The gnoll hits you.
* * * LOW HITPOINT WARNING * * *
You block the gnoll's attack.
You thump the gnoll!
The gnoll is severely wounded.
The gnoll hits you.
* * * LOW HITPOINT WARNING * * *
The gnoll hits you from afar with a +0 spear.
You die...

.......)).# #..#
##.....))(###.##
##...........#
##..........#
##.........(## ##
#............# .(..
##.............
.....#####.........##...
......)♣..........######
###...)g).........##
#...g......####..## #
##...####### ##..####
#.## ##..... ## ##....
##### #


You could see 2 gnolls.

Vanquished Creatures
  Sigmund (D:5)
  3 yaks (D:5)
  Edmund (D:5)
  Duvessa (D:6)
  An ice beast (D:5)
  A phantom (D:6)
  5 ogres
  2 centaurs (D:6)
  A bullfrog (D:6)
  Dowan (D:6)
  2 scorpions
  3 crimson imps
  2 jellies (D:5)
  4 orc priests
  2 hounds
  3 orc wizards
  3 bullfrog skeletons (D:5)
  4 worker ants
  A worker ant zombie (D:6)
  A hound skeleton (D:4)
  3 gnolls
  5 adders
  A shadow imp (D:5)
  2 adder skeletons
  6 worms
  2 dart slugs
  3 leopard geckos
  21 orcs
  3 bats
  5 giant cockroaches
  6 goblins
  12 hobgoblins
  10 jackals
  9 kobolds
  4 quokkas
  3 ball pythons
  A ball python skeleton (D:4)
  2 frilled lizards (D:1)
  A jackal skeleton (D:6)
  11 rats
152 creatures vanquished.

Notes
Turn   | Place    | Note
-------+----------+-------------------------------------------
     0 | D:1      | Ijustatesigmund the Octopode Fighter began the quest for
                  | the Orb.
     0 | D:1      | Reached XP level 1. HP: 16/16 MP: 1/1
   140 | D:1      | Reached XP level 2. HP: 21/21 MP: 2/2
   167 | D:1      | Reached XP level 3. HP: 21/26 MP: 3/3
   640 | D:2      | Reached XP level 4. HP: 12/31 MP: 4/4
   828 | D:2      | Found a faded altar of an unknown god.
  1780 | D:3      | Reached XP level 5. HP: 35/36 MP: 5/5
  1847 | D:3      | Found a sparkling altar of Nemelex Xobeh.
  2017 | D:3      | Noticed a fire elemental
  2028 | D:3      | Found a stormy altar of Qazlal.
  2029 | D:3      | Noticed an air elemental
  2034 | D:3      | Noticed a water elemental
  2489 | D:4      | Reached XP level 6. HP: 35/43 MP: 6/6
  2591 | D:4      | Found a staircase to the Ecumenical Temple.
  2633 | Temple   | Entered the Ecumenical Temple
  2840 | D:4      | Reached XP level 7. HP: 28/49 MP: 7/7
  3070 | D:4      | Got a faintly glowing jade ring
  3071 | D:4      | Identified the ring "Susi" {rPois Int-2 Dex+5} (You found
                  | it on level 4 of the Dungeon)
  3221 | D:4      | Found a hide-covered altar of Uskayaw.
  3296 | D:5      | Entered Level 5 of the Dungeon
  3320 | D:5      | Reached skill level 5 in Maces & Flails
  3326 | D:5      | Found Plog's Lightly-Used Armoury.
  3334 | D:5      | Bought a -3 eveningstar for 1 gold piece
  3421 | D:5      | Reached skill level 5 in Fighting
  3468 | D:5      | Reached XP level 8. HP: 28/56 MP: 8/8
  3896 | D:5      | Noticed a yak
  3896 | D:5      | Noticed a yak
  3898 | D:5      | Noticed a yak
  3904 | D:5      | Noticed Sigmund
  3905 | D:5      | Noticed Edmund
  3908 | D:5      | Killed a yak
  3912 | D:5      | Killed a yak
  3914 | D:5      | Killed a yak
  3922 | D:5      | Killed Sigmund
  3927 | D:5      | Killed Edmund
  3927 | D:5      | Reached XP level 9. HP: 52/64 MP: 9/9
  4529 | D:6      | Noticed Duvessa
  4544 | D:6      | Noticed Dowan
  4545 | D:6      | Killed Duvessa
  4560 | D:6      | Killed Dowan
  4785 | D:6      | Found a snail-covered altar of Cheibriados.
  4799 | D:6      | Became a worshipper of Cheibriados the Contemplative
  4910 | D:6      | Reached skill level 1 in Invocations
  4910 | D:6      | HP: 3/67 [gnoll (8)]
  4913 | D:6      | HP: 1/100 [gnoll (4)]
  4913 | D:6      | Slain by a gnoll

Levels and vault maps discovered:
D:1:      eino_arrival_cavern_e, layout_rooms, minmay_pentomino_v2
D:2:      layout_loops_ring, first_ration,
          chequers_ecumenical_altar_simple_redux
D:3:      layout_loops_ring, nicolae_qazlal_style_of_elements,
          overflow_temple_1_default, minmay_misc_feat_tiny, st_stairs_11
D:4:      layout_cave_pools, nicolae_overflow_crystal_walls,
          minmay_temple_entry_tees
D:5:      layout_basic, minmay_shop_damaged, sigmund_edmund_badplayer
D:6:      layout_layer_cave, cheibrodos_worm_habitat, uniq_duvessa, uniq_edmund,
          uniq_prince_ribbit1
Temple:   dpeg_three_leaves_temple

Skill      XL: |  1  2  3  4  5  6  7  8  9 |
---------------+----------------------------+-----
Maces & Flails | 3 4 6 7 8 |  8.9
Fighting       | 4 5 7 8 |  8.6
Dodging        | 4 |  4.4
Shields        | 4 |  4.4
Invocations    | 1 |  1.0
Stealth        | |  0.9

Action                   |  1- 3 |  4- 6 |  7- 9 || total
-------------------------+-------+-------+-------++-------
Melee: Flail             |    67 |   114 |    19 ||   200
       Tentacles         |    10 |    17 |    54 ||    81
       Constrict         |    18 |    26 |    36 ||    80
       Morningstar       |       |       |   133 ||   133
Throw: Javelin           |       |       |     7 ||     7
Evoke: Wand              |       |       |     6 ||     6
  Use: Scroll            |     7 |     4 |     3 ||    14
       Potion            |       |     3 |    12 ||    15
 Stab: Sleeping          |     4 |     5 |     5 ||    14
       Paralysed         |       |       |     2 ||     2
       Distracted        |       |       |     1 ||     1
  Eat: Chunk             |       |     6 |     7 ||    13
Armor: Skin              |     5 |     6 |     8 ||    19
Dodge: Dodged            |    28 |    48 |    94 ||   170
Block: Shield            |    33 |    45 |    80 ||   158

Table legend:
 A = Non-vault XP
 B = Vault XP
 C = Vault XP percentage of total XP
 D = Non-vault monster count
 E = Vault monster count
 F = Vault count percentage of total count
                 A         B        C        D         E       F
            +---------+---------+-------+---------+---------+-------
      Total |    3143 |     609 |  16.2 |     141 |      11 |   7.2
            +---------+---------+-------+---------+---------+-------
        D:1 |      56 |       4 |   6.7 |      24 |       2 |   7.7
        D:2 |      79 |       0 |   0.0 |      23 |       0 |   0.0
        D:3 |     105 |      10 |   8.7 |      21 |       4 |  16.0
        D:4 |     445 |       0 |   0.0 |      22 |       0 |   0.0
        D:5 |    1465 |     376 |  20.4 |      28 |       2 |   6.7
        D:6 |     993 |     219 |  18.1 |      23 |       3 |  11.5
            +---------+---------+-------+---------+---------+-------
